cohdb
Replays
Latest Replays
All Replays
Popular Replays
Top Player Replays
Match Explorer
How It Works
Community
CoH3 Stats
Reddit
Sign in to upload your games and track your stats! →
Sign in with Steam
Match 47389227
Unlisted
Match 47389227
Overview
Messages
Build Orders
End
Selects Special Operations Battlegroup
Selects M29 Weasel Recon Vehicle
M29 Weasel Recon Vehicle
Engineer Squad
Construct Weapon Support Center
M1919 Machine Gun Team
M1919 Machine Gun Team
Infantry Support Center
Mechanized Support Center
Selects Raiding Flares
Construct Motor Pool
Designate Forward Repair Station
Symbiosis
aSIIWarbringer
sw
Auxiliary Priest
0
0
Comments
sign in to comment!
No comments posted yet!